 Dungeon Crawl Stone Soup version 0.26-a0-812-g31a745ddcd (webtiles) character file.

Game seed: 18301006487866812799

15358 Dracia the Frost Mage (level 12, -2/74 HPs)
             Began as a Demonspawn Ice Elementalist on Dec 3, 2020.
             Was a Priest of Sif Muna.
             Slain by a cane toad (20 damage)
             ... on level 2 of the Lair of Beasts.
             The game lasted 00:35:17 (15417 turns).

Dracia the Frost Mage (DsIE)                       Turns: 15417, Time: 00:35:17

Health: -2/74      AC: 13    Str: 11    XL:     12   Next: 0%
Magic:  32/33      EV: 12    Int: 19    God:    Sif Muna [***...]
Gold:   751        SH:  0    Dex: 14    Spells: 1/28 levels left

rFire    . . .     SeeInvis .   E - +5 scimitar (venom) (curse)
rCold    . . .     Faith    .   (no shield)
rNeg     . . .     Spirit   .   w - +0 steam dragon scales
rPois    .         Reflect  .   l - +2 hat {MR+}
rElec    .         Harm     .   F - +2 cloak
rCorr    .         Rampage  .   (no gloves)
MR       +....     Clarity  +   j - +0 pair of boots
Stlth    ++........             (no amulet)
HPRegen  0.22/turn              k - ring of magical power
MPRegen  0.23/turn              L - ring of wizardry

@: lethally poisoned (-2 -> -43)
A: hooves 2, iridescent scales 1, clarity, spiny 2, wild magic 1, rot immunity
a: Channel Magic, Forget Spell, Renounce Religion


You were on level 2 of the Lair of Beasts.
You worshipped Sif Muna.
Sif Muna was most pleased with you.
You visited 3 branches of the dungeon, and saw 13 of its levels.

You collected 751 gold pieces.


Innate Abilities, Weirdness & Mutations

You have hoof-like feet.
You are partially covered in iridescent scales. (AC +2)
You are mostly covered in sharp spines.
You are immune to rotting.
You possess an exceptional clarity of mind.
Your spells are a little harder to cast, but a little more powerful.


   Skills:
 - Level 1.7 Dodging
 - Level 1.7 Stealth
 - Level 8.7 Spellcasting
 + Level 9.4 Conjurations
 + Level 0.3 Hexes
 + Level 0.2 Summonings
 - Level 11.4 Ice Magic
 - Level 10.9 Invocations
 - Level 1.2 Evocations


You had one spell level left.
You knew the following spells:

 Your Spells              Type           Power        Failure   Level
a - Frozen Ramparts       Ice            ######       1%          3
b - Ozocubu's Armour      Ice            ######..     1%          3
c - Hailstorm             Conj/Ice       ######..     1%          4
d - Summon Ice Beast      Ice/Summ       #####...     4%          4
e - Iskenderun's Battles  Conj           ######..     3%          5
f - Freeze                Ice            ####         1%          1
g - Ensorcelled Hibernat  Hex/Ice        #####.       1%          2
h - Metabolic Englaciati  Hex/Ice        #####.....   12%         5

Your spell library contained the following spells:

 Spells                   Type           Power        Failure   Level
 Magic Dart               Conj           ####         1%          1
 Shock                    Conj/Air       ####         1%          1
 Corona                   Hex            ##.....      4%          1
 Summon Small Mammal      Summ           ##..         4%          1
 Conjure Flame            Conj/Fire      ####....     2%          3
 Dazzling Flash           Conj/Hex       ####..       2%          3
 Static Discharge         Conj/Air       ####....     2%          3
 Mephitic Cloud           Conj/Pois/Air  ####....     4%          3
 Call Imp                 Summ           ##......     7%          2
 Slow                     Hex            ##......     7%          2
 Blink                    Tloc           N/A          8%          2
 Swiftness                Air            ##......     8%          2
 Call Canine Familiar     Summ           ##......     12%         3
 Confusing Touch          Hex            ##......     12%         3
 Summon Guardian Golem    Hex/Summ       ##......     12%         3
 Tukima's Dance           Hex            ##......     12%         3
 Gell's Gravitas          Tloc           ##........   14%         3
 Lightning Bolt           Conj/Air       ####......   19%         5
 Bolt of Magma            Conj/Fire/Erth ####......   32%         5
 Airstrike                Air            ##........   38%         4
 Petrify                  Tmut/Erth      ##......     38%         4
 Summon Lightning Spire   Summ/Air       ##......     38%         4
 Orb of Destruction       Conj           ######....   56%         7
 Iron Shot                Conj/Erth      ####......   63%         6
 Yara's Violent Unravell  Hex/Tmut       ##........   69%         5
 Spellforged Servitor     Conj/Summ      ####......   98%         7

Inventory:

Hand Weapons
 b - a +1 hand axe of electrocution
 d - a +1 dagger
 E - a cursed +5 scimitar of venom (weapon)
Missiles
 g - 91 poisoned darts (quivered)
 o - 5 atropa-tipped darts
 r - 5 throwing nets {=f=f}
 D - 8 curare-tipped darts {=f=f}
Armour
 a - a +0 robe
 j - a +0 pair of boots (worn)
 l - a +2 hat of magic resistance (worn)
 t - a +1 cloak
 w - +0 steam dragon scales (worn)
 F - a +2 cloak (worn)
Jewellery
 k - a ring of magical power (left hand)
 p - an uncursed ring of resist corrosion
 q - a +4 ring of evasion
 L - a ring of wizardry (right hand)
 O - an uncursed ring of poison resistance
Wands
 u - a wand of flame (10)
 x - a wand of paralysis (30)
 y - a wand of acid (7)
 A - a wand of digging (8)
 H - a wand of iceblast (18)
 M - a wand of polymorph (6)
Scrolls
 c - 2 scrolls of blinking
 e - 3 scrolls of enchant weapon
 h - a scroll of enchant armour
 i - 7 scrolls of teleportation {@r4@r4}
 n - 8 scrolls of remove curse {@r2@r2}
 s - 3 scrolls of identify {@r1@r1}
 J - a scroll of fog
 N - a scroll of amnesia
Potions
 f - 5 potions of lignification
 m - a potion of heal wounds {@q2@q2}
 v - 3 potions of ambrosia
 z - 2 potions of brilliance
 B - a potion of might
 C - 6 potions of curing {@q1@q1}
 G - a potion of haste {@q3@q3}
 I - a potion of cancellation
 K - 2 potions of berserk rage {!q!q}

Dungeon Overview and Level Annotations

Branches:
Dungeon (10/15)            Temple (1/1) D:6            Lair (2/6) D:10
  Swamp (0/4) Lair:2
 Shoals: Lair:2-4     Snake: Lair:2-4    Spider: Lair:2-4       Orc: D:9-12

Altars:
Ashenzari
Cheibriados
Dithmenos
Elyvilon
Fedhas
Hepliaklqana
Kikubaaqudgha
Makhleb
Nemelex Xobeh
Okawaru
Qazlal
Ru
Sif Muna
Trog
Uskayaw
Vehumet
Wu Jian
Xom
Yredelemnul
Zin
The Shining One

Shops:
D:9 }

Annotations:
D:10 exclusion: oklob plant

#......#.####.......#
##.._...#.# #.......#
##.....#####........#
#......P# #(...#....P
#......##
#....#.#....#
##.....#
##...####.....
##....### ....# #....
#......#.....# ....
##....@F....#
#..<.......#
#...####.#.# #...#
... #..... ..# #....#
.# ##... # #.


You could see a cane toad (very poisoned).


Message History

You slash the cane toad!
The cane toad is heavily wounded.
The cane toad stings you. The cane toad is struck by your spines.
The cane toad stings you.
You are poisoned.
The cane toad poisons you!
You hit the cane toad.
The cane toad is poisoned.
The cane toad is severely wounded.
You feel sick. The cane toad stings you.
You are more poisoned.
The cane toad poisons you!
You hit the cane toad.
The cane toad is severely wounded.
You feel very sick. The cane toad stings you!
* * * LOW HITPOINT WARNING * * *
You are lethally poisoned!
The cane toad poisons you! The cane toad stings you.
* * * LOW HITPOINT WARNING * * *
Casting: Frozen Ramparts (safe; 1% risk of failure)
Confirm with . or Enter, or press ? or * to list all spells.
Aiming: Freeze (safe; 1% risk of failure)
Press: ? - help, Shift-Dir - straight line, f - cane toad
Aim: a cane toad (severely wounded, very poisoned)
You freeze the cane toad.
The cane toad is severely wounded.
* * * LOW HITPOINT WARNING * * *
You feel very sick. The cane toad stings you!!
You die...

Skill      XL: |  1  2  3  4  5  6  7  8  9 10 11 |
---------------+----------------------------------+-----
Ice Magic      | 4 5 6 7 9 11 | 11.4
Conjurations   | 1 5 7 9 |  9.4
Spellcasting   | 5 6 8 |  8.7
Evocations     | 1 |  1.2
Invocations    | 5 8 10 | 10.9
Dodging        | |  1.7
Stealth        | |  1.7
Hexes          | |  0.3
Summonings     | |  0.2

Action                   |  1- 3 |  4- 6 |  7- 9 | 10-12 || total
-------------------------+-------+-------+-------+-------++-------
Melee: Unarmed           |     5 |       |       |       ||     5
       Dagger            |     7 |    64 |       |       ||    71
       Hand axe          |       |     3 |    93 |       ||    96
       Scimitar          |       |       |     9 |   128 ||   137
 Cast: Freeze            |    39 |    29 |    13 |    24 ||   105
       Frozen Ramparts   |       |     8 |    19 |    28 ||    55
       Ozocubu's Armour  |       |     4 |    13 |    25 ||    42
       Hailstorm         |       |       |     1 |     7 ||     8
       Summon Ice Beast  |       |       |       |     2 ||     2
       Iskenderun's Batt |       |       |       |     2 ||     2
Invok: Forget Spell      |       |       |       |     1 ||     1
  Use: Potion            |       |     6 |     5 |     3 ||    14
       Scroll            |       |     8 |     6 |     2 ||    16
 Stab: Sleeping          |       |     2 |     3 |     3 ||     8
Armor: Robe              |     7 |    17 |    41 |     5 ||    70
       Steam dragon scal |       |       |       |    67 ||    67
Dodge: Dodged            |    44 |    55 |   113 |   132 ||   344
       Rpst.: Scimitar   |       |       |     1 |    38 ||    39

Levels and vault maps discovered:
D:1:      evilmike_arrival_plus, layout_basic, chequers_garden,
          grunt_decor_junction, minmay_heptomino_o4
D:2:      layout_basic, lemuel_coloured_pillars_altar,
          nicolae_gozag_cash_rules_everything_around_me, uniq_jessica
D:3:      layout_basic, lemuel_doored_altar, minmay_strange_pillars,
          bh_walls_and_bars
D:4:      layout_loops_ring, nicolae_tso_carved_into_rock
D:5:      layout_loops_ring, vehumet_crystals, okawaru_altar_gauntlet_db,
          gammafunk_ghost_hive, minmay_hedge_maze, uniq_duvessa
D:6:      layout_basic, overflow_temple_1_default, minmay_temple_entry_trees,
          basic_altar, uniq_edmund
D:7:      layout_loops_cross, kennysheep_generic_room_11, uniq_menkaure
D:8:      layout_loops_corners, fedhas_altar_3, tgw_trog, trog_butcher_becter,
          uniq_gastronok, uniq_prince_ribbit1, uniq_joseph, uniq_maggie
D:9:      layout_roguey, serial_shops, kennysheep_mini,
          kennysheep_generic_room_13, uniq_harold, uniq_maurice
D:10:     layout_basic, dpeg_oklobed_lair, bh_circular_ruins
Temple:   nicolae_temple_god_jail
Lair:1:   layout_long_grid, minivault_24, serial_bayou_shore_a,
          serial_bayou_shore_b
Lair:2:   layout_concentric_octagons, swamp_mist, basic_altar

Notes
Turn   | Place    | Note
-------+----------+-------------------------------------------
     0 | D:1      | Dracia the Demonspawn Ice Elementalist began the quest for
                  | the Orb.
     0 | D:1      | Reached XP level 1. HP: 13/13 MP: 3/3
   149 | D:1      | Reached skill level 4 in Ice Magic
   428 | D:1      | Gained mutation: You are partially covered in sharp spines.
                  | [demonic ancestry]
   428 | D:1      | Reached XP level 2. HP: 16/19 MP: 0/5
  1050 | D:1      | Reached XP level 3. HP: 19/24 MP: 6/6
  1306 | D:2      | Noticed Jessica
  1311 | D:2      | Killed Jessica
  1311 | D:2      | Reached skill level 5 in Ice Magic
  1316 | D:2      | Learned a level 3 spell: Frozen Ramparts
  1462 | D:2      | Reached XP level 4. HP: 24/30 MP: 7/7
  1634 | D:2      | Learned a level 3 spell: Ozocubu's Armour
  2389 | D:2      | Found a hazy altar of Hepliaklqana.
  2666 | D:3      | Noticed a centaur
  2674 | D:3      | Killed a centaur
  2674 | D:3      | Reached skill level 6 in Ice Magic
  2674 | D:3      | Gained mutation: You are immune to rotting. [demonic
                  | ancestry]
  2674 | D:3      | Reached XP level 5. HP: 18/35 MP: 8/8
  3037 | D:3      | Reached XP level 6. HP: 41/41 MP: 9/9
  3144 | D:3      | You fall into a shaft and drop 1 floor!
  3167 | D:4      | Reached skill level 7 in Ice Magic
  3423 | D:3      | Found a burning altar of Makhleb.
  3816 | D:3      | Gained mutation: Your body sometimes deteriorates upon
                  | taking damage. [potion of mutation]
  3816 | D:3      | Gained mutation: You occasionally shout uncontrollably at
                  | your foes. [potion of mutation]
  3816 | D:3      | Gained mutation: Your flesh is heat resistant. (rF+)
                  | [potion of mutation]
  4126 | D:4      | Lost mutation: Your body sometimes deteriorates upon taking
                  | damage. [potion of mutation]
  4126 | D:4      | Lost mutation: You occasionally shout uncontrollably at
                  | your foes. [potion of mutation]
  4126 | D:4      | Lost mutation: Your flesh is heat resistant. (rF+) [potion
                  | of mutation]
  4126 | D:4      | Gained mutation: Your spells are a little harder to cast,
                  | but a little more powerful. [potion of mutation]
  4126 | D:4      | Gained mutation: You possess an exceptional clarity of
                  | mind. [potion of mutation]
  4273 | D:4      | Found a glowing golden altar of the Shining One.
  4299 | D:4      | Reached XP level 7. HP: 40/46 MP: 9/10
  4388 | D:4      | Reached skill level 8 in Ice Magic
  4582 | D:5      | Entered Level 5 of the Dungeon
  4789 | D:5      | Found an iron altar of Okawaru.
  4933 | D:5      | Reached skill level 9 in Ice Magic
  4991 | D:5      | Noticed ma3's ghost (novice GrFi)
  4992 | D:5      | Found a transporter.
  4997 | D:5      | Found a transporter.
  5005 | D:5      | Gained mutation: You are partially covered in iridescent
                  | scales. (AC +2) [demonic ancestry]
  5005 | D:5      | Reached XP level 8. HP: 44/52 MP: 11/11
  5049 | D:5      | Killed ma3's ghost
  5049 | D:5      | Reached skill level 10 in Ice Magic
  5055 | D:5      | Learned a level 4 spell: Hailstorm
  5552 | D:5      | Found a radiant altar of Vehumet.
  5810 | D:5      | Noticed Duvessa
  5810 | D:5      | Noticed Dowan
  5816 | D:5      | Killed Dowan
  5819 | D:5      | Killed Duvessa
  5819 | D:5      | Reached skill level 11 in Ice Magic
  6163 | D:6      | Noticed Edmund
  6169 | D:6      | Killed Edmund
  6169 | D:6      | Reached skill level 1 in Conjurations
  6169 | D:6      | Gained mutation: You have large cloven feet. [demonic
                  | ancestry]
  6169 | D:6      | Reached XP level 9. HP: 31/57 MP: 12/12
  6482 | D:6      | Reached skill level 2 in Conjurations
  6577 | D:6      | Found a white marble altar of Elyvilon.
  6717 | D:6      | Found a hide-covered altar of Uskayaw.
  6812 | D:6      | Found a staircase to the Ecumenical Temple.
  6901 | Temple   | Entered the Ecumenical Temple
  6989 | Temple   | Became a worshipper of Sif Muna the Loreminder
  7358 | D:7      | Noticed Menkaure
  7365 | D:7      | Killed Menkaure
  7365 | D:7      | Reached skill level 3 in Spellcasting
  7365 | D:7      | Reached skill level 3 in Conjurations
  7737 | D:7      | Reached * piety under Sif Muna
  8108 | D:7      | Reached skill level 1 in Evocations
  8487 | D:7      | Reached skill level 4 in Conjurations
  8487 | D:7      | Reached skill level 1 in Invocations
  8488 | D:7      | Reached skill level 4 in Spellcasting
  8489 | D:7      | Reached skill level 2 in Invocations
  8996 | D:8      | Noticed Gastronok
  9009 | D:8      | Killed Gastronok
  9009 | D:8      | Reached skill level 5 in Spellcasting
  9009 | D:8      | Reached skill level 5 in Conjurations
  9009 | D:8      | Reached skill level 5 in Invocations
  9009 | D:8      | Gained mutation: You have hoof-like feet. [demonic
                  | ancestry]
  9009 | D:8      | Reached XP level 10. HP: 27/63 MP: 16/18
  9477 | D:8      | Found a blossoming altar of Fedhas.
  9500 | D:8      | Learned a level 4 spell: Summon Ice Beast
  9539 | D:8      | Found a bloodstained altar of Trog.
  9894 | D:8      | Reached ** piety under Sif Muna
  9894 | D:8      | Reached skill level 6 in Conjurations
  9946 | D:8      | Noticed Maggie
  9952 | D:8      | Killed Maggie
  9952 | D:8      | Reached skill level 6 in Invocations
 10338 | D:8      | Noticed Prince Ribbit
 10350 | D:8      | Killed Prince Ribbit
 10350 | D:8      | Reached skill level 6 in Spellcasting
 10453 | D:8      | Noticed Joseph
 10458 | D:8      | Killed Joseph
 10590 | D:8      | Noticed a moth of wrath
 10593 | D:8      | Found a bloodstained altar of Trog.
 10925 | D:9      | Reached skill level 7 in Invocations
 11040 | D:9      | Learned a level 5 spell: Iskenderun's Battlesphere
 11049 | D:9      | Reached skill level 7 in Conjurations
 11265 | D:9      | Noticed Maurice
 11274 | D:9      | Killed Maurice
 11274 | D:9      | Reached skill level 8 in Invocations
 11274 | D:9      | Reached XP level 11. HP: 51/68 MP: 21/21
 11557 | D:9      | Noticed a two-headed ogre
 11572 | D:9      | Killed a two-headed ogre
 11572 | D:9      | Reached skill level 7 in Spellcasting
 11813 | D:9      | Found Pepum's Gadget Shoppe.
 11843 | D:9      | Noticed Harold
 11853 | D:9      | Killed Harold
 12339 | D:10     | Entered Level 10 of the Dungeon
 12402 | D:10     | Reached *** piety under Sif Muna
 12633 | D:10     | Noticed an oklob plant
 12638 | D:10     | Found a staircase to the Lair.
 12850 | D:10     | Reached skill level 9 in Invocations
 12886 | D:10     | Reached skill level 8 in Conjurations
 13183 | D:10     | Learned a level 3 spell: Mephitic Cloud
 13187 | D:10     | Learned a level 2 spell: Ensorcelled Hibernation
 13361 | D:10     | Noticed an oklob plant
 13379 | D:10     | Killed an oklob plant
 13382 | Lair:1   | Entered Level 1 of the Lair of Beasts
 13636 | Lair:1   | Reached skill level 8 in Spellcasting
 13639 | Lair:1   | Reached skill level 10 in Invocations
 14896 | Lair:2   | Found a staircase to the Swamp.
 14976 | Lair:2   | Reached skill level 9 in Conjurations
 15016 | Lair:2   | Noticed a death yak
 15016 | Lair:2   | Noticed a death yak
 15027 | Lair:2   | Killed a death yak
 15031 | Lair:2   | Killed a death yak
 15350 | Lair:2   | Learned a level 5 spell: Metabolic Englaciation
 15352 | Lair:2   | Found a white marble altar of Elyvilon.
 15378 | Lair:2   | Gained mutation: You are mostly covered in sharp spines.
                  | [demonic ancestry]
 15378 | Lair:2   | Reached XP level 12. HP: 74/74 MP: 24/24
 15417 | Lair:2   | Slain by a cane toad

Vanquished Creatures
  Gastronok (D:8)
  Harold (D:9)
  A two-headed ogre (D:9)
  2 death yaks (Lair:2)
  An oklob plant (D:10)
  A black mamba (Lair:2)
  Joseph (D:8)
  A torpor snail (Lair:2)
  Maggie (D:8)
  3 cane toads
  The ghost of ma3 the Chopper, a novice GrFi (D:5)
  Prince Ribbit (D:8)
  5 blink frogs (Lair:1)
  11 yaks
  A wyvern (D:10)
  A basilisk (Lair:2)
  Menkaure (D:7)
  Edmund (D:6)
  3 water moccasins
  Duvessa (D:5)
  4 orc warriors
  A black bear (D:9)
  2 ice beasts
  2 sky beasts
  A phantom (D:9)
  3 ogres
  4 centaurs
  7 bullfrogs
  A gnoll sergeant (D:8)
  3 scorpions
  Dowan (D:5)
  18 killer bees
  A howler monkey (D:5)
  9 wights
  A bullfrog zombie (D:6)
  2 centaur zombies
  A gnoll shaman (D:7)
  2 orc priests
  A hound (D:8)
  2 jellies (D:5)
  14 orc wizards
  2 iguanas
  Jessica (D:2)
  6 worker ants
  2 human simulacra (D:10)
  A hound skeleton (D:4)
  A hound zombie (D:5)
  11 adders
  16 gnolls
  A shadow imp (D:6)
  A white imp (D:5)
  An ufetubus (D:8)
  An ooze (D:4)
  2 worms (D:8)
  A dart slug (D:1)
  2 leopard geckos
  51 orcs
  8 giant cockroaches
  3 goblins (D:1)
  5 hobgoblins
  22 jackals
  11 kobolds
  A quokka (D:9)
  12 bats
  3 frilled lizards
  A jackal skeleton (D:7)
  9 rats
294 creatures vanquished.

Vanquished Creatures (others)
  Maurice (D:9)
  19 fungi
  27 plants
47 creatures vanquished.

Grand Total: 341 creatures vanquished

Table legend: (Time is in decaauts)
 A = Elapsed time spent in this place.
 B = Non-inter-level travel time spent in this place.
 C = Inter-level travel time spent in this place.
 D = Time resting spent in this place.
 E = Time spent auto-exploring this place.
 F = Levels seen in this place.
 G = Mean time per level.
                   A        B        C        D        E       F      G
               +--------+--------+--------+--------+--------+-----+--------+
         Total |  15546 |  15244 |    302 |   4121 |   9189 |  13 | 1195.8 |
       Dungeon |  13401 |  13116 |    285 |   3001 |   8510 |  10 | 1340.1 |
        Temple |    104 |     88 |     16 |      0 |     57 |   1 |  104.0 |
          Lair |   2040 |   2040 |      0 |   1120 |    622 |   2 | 1020.0 |
               +--------+--------+--------+--------+--------+-----+--------+

Top non-repeatable levels by time:
     D:7: 1988 daAuts
     D:8: 1986 daAuts
     D:5: 1533 daAuts
  Lair:1: 1506 daAuts
     D:9: 1434 daAuts
     D:1: 1263 daAuts
     D:2: 1259 daAuts
     D:3: 1113 daAuts
    D:10: 1051 daAuts
     D:4: 952 daAuts
     D:6: 818 daAuts
  Lair:2: 533 daAuts
  Temple: 104 daAuts

Table legend:
 A = Non-vault XP
 B = Vault XP
 C = Vault XP percentage of total XP
 D = Non-vault monster count
 E = Vault monster count
 F = Vault count percentage of total count
                 A         B        C        D         E       F
            +---------+---------+-------+---------+---------+-------
      Total |   15055 |    6886 |  31.4 |     257 |      38 |  12.9
            +---------+---------+-------+---------+---------+-------
        D:1 |      40 |       1 |   2.4 |      24 |       1 |   4.0
        D:2 |     110 |      37 |  25.2 |      23 |       1 |   4.2
        D:3 |     303 |       0 |   0.0 |      31 |       0 |   0.0
        D:4 |     367 |       0 |   0.0 |      24 |       0 |   0.0
        D:5 |     649 |    1039 |  61.6 |      24 |      16 |  40.0
        D:6 |     345 |     166 |  32.5 |       7 |       1 |  12.5
        D:7 |    1333 |     172 |  11.4 |      40 |       1 |   2.4
        D:8 |     880 |    3582 |  80.3 |      21 |      13 |  38.2
        D:9 |    3234 |    1312 |  28.9 |      30 |       2 |   6.2
       D:10 |     708 |     577 |  44.9 |       8 |       3 |  27.3
     Lair:1 |    3579 |       0 |   0.0 |      16 |       0 |   0.0
     Lair:2 |    3507 |       0 |   0.0 |       9 |       0 |   0.0
            +---------+---------+-------+---------+---------+-------
